 Dungeon Crawl Stone Soup version 0.19.0-24-gb05acd6 (webtiles) character file.

39 JupeMK the Shooter (level 3, -3/29 HPs)
             Began as a Centaur Hunter on Nov 22, 2016.
             Killed from afar by Natasha (4 damage)
             ... with a magic dart
             ... on level 2 of the Dungeon.
             The game lasted 00:08:45 (1101 turns).

JupeMK the Shooter (Centaur Hunter)                 Turns: 1101, Time: 00:08:45

Health: -3/29      AC:  4    Str: 14    XL:     3   Next: 26%
Magic:  3/3        EV:  9    Int: 10    God:
Gold:   111        SH:  0    Dex: 10    Spells: 0 memorised, 2 levels left

rFire  . . .     SeeInvis .     a - +1 shortbow
rCold  . . .     Gourm    .     c - +0 leather armour
rNeg   . . .     Faith    .     (shield currently unavailable)
rPois  .         Spirit   .     (no helmet)
rElec  .         Reflect  .     (no cloak)
rCorr  .         Harm     .     (no gloves)
MR     .....                    (no barding)
Stlth  +.........               (no amulet)
                                (no ring)
                                (no ring)

@: very quick
A: hooves 3, deformed body, speed 2, tough skin 3
a: no special abilities


You were on level 2 of the Dungeon.
You were not hungry.

You visited 1 branch of the dungeon, and saw 2 of its levels.

You collected 111 gold pieces.

Inventory:

Hand Weapons
 a - a +1 shortbow (weapon)
 b - a +0 short sword
 g - a +0 short sword
 i - a +0 whip
 n - a +0 club
 o - a +0 club
 x - a +0 hand axe
 z - a +0 hunting sling
Missiles
 d - 29 arrows (quivered)
 j - 28 sling bullets
 k - 14 stones
Armour
 c - a +0 leather armour (worn)
 s - a +1 robe of fire resistance
 v - a cursed +0 buckler
Jewellery
 y - an uncursed ring of protection from fire {unknown}
Scrolls
 l - 3 scrolls of recharging {unknown}
 p - a scroll of amnesia {unknown}
 q - a scroll of blinking {unknown}
 w - a scroll of immolation {unknown}
Potions
 e - a potion of brilliance {unknown}
 h - a potion of might {unknown}
 r - a potion of curing {unknown}
 u - 2 potions of mutation {unknown}
Comestibles
 f - a bread ration
 m - 2 chunks of flesh
 t - a meat ration


   Skills:
 + Level 2.2 Fighting
 + Level 6.3 Bows
 + Level 0.4 Armour
 + Level 1.5 Dodging
 + Level 0.4 Stealth


You had 2 spell levels left.
You didn't know any spells.

Dungeon Overview and Level Annotations

Branches:
Dungeon (2/15)

Altars:

Annotations:
D:2 Natasha


Innate Abilities, Weirdness & Mutations

You have hooves in place of feet.
Armour fits poorly on your strangely shaped body.
You cover ground very quickly.
You have extremely tough skin. (AC +3)


Message History

Unknown command.
Unknown command.
Unknown command.
Unknown command.
Unknown command.
Unknown command.
Firing (i - inventory. (,) - cycle):
d - 31 arrows (quivered)
Press: ? - help, Shift-Dir - straight line, f/p - Natasha
Aim: Natasha (heavily wounded)
You shoot an arrow. The arrow hits Natasha.
Natasha is severely wounded.
Natasha barely misses you.
Firing (i - inventory. (,) - cycle):
d - 30 arrows (quivered)
Press: ? - help, Shift-Dir - straight line, f/p - Natasha
Aim: Natasha (severely wounded)
You shoot an arrow. The arrow hits Natasha.
Natasha is almost dead.
Natasha stares at you and mumbles some strange words.
The magic dart hits you!
You die...

#.###########....#
+..(..(.(.(......#
########........##
#........#
#........#
#........#
#........#
#......h.#
#......@.#
#........#########
######+#.........#
#.#.........#
#.#.........#
#######.#.........#
..................+
#.######.#.........#
#. #.###########


You could see Natasha.

Vanquished Creatures
  An adder (D:2)
  2 dart slugs
  A leopard gecko (D:1)
  3 ball pythons (D:1)
  6 bats
  A giant cockroach (D:1)
  2 goblins (D:2)
  A hobgoblin (D:1)
  A frilled lizard (D:1)
  3 kobolds (D:1)
  5 rats
  A fungus (D:1)
27 creatures vanquished.

Notes
Turn   | Place    | Note
-------+----------+-------------------------------------------
     0 | D:1      | JupeMK the Centaur Hunter began the quest for the Orb.
     0 | D:1      | Reached XP level 1. HP: 17/17 MP: 1/1
   130 | D:1      | Reached XP level 2. HP: 14/24 MP: 2/2
   375 | D:1      | Reached skill level 6 in Bows
   984 | D:2      | Reached XP level 3. HP: 29/29 MP: 3/3
  1078 | D:2      | Noticed Natasha
  1099 | D:2      | HP: 1/29 [Natasha (7)]
  1101 | D:2      | Killed from afar by Natasha

Skill      XL: |  1  2 |
---------------+-------+-----
Bows           | 6 |  6.3
Fighting       | |  2.2
Armour         | |  0.4
Dodging        | |  1.5
Stealth        | |  0.4

Action                   || total
-------------------------++-------
Melee: Shortbow          ||    22
       Kick              ||     7
 Fire: Shortbow          ||    91
Armor: Leather armour    ||    27
Dodge: Dodged            ||    37
